 Dungeon Crawl Stone Soup version 0.28-a0-477-g0b43c73ce0 (webtiles) character file.

Game seed: 2062953278342531750

9 VanClaymore the Ruffian (level 2, 25/29 HPs)
             Began as a Troll Monk on Sept 17, 2021.
             Was an Initiate of Gozag.
             Quit the game on level 1 of the Dungeon.
             The game lasted 00:01:06 (190 turns).

VanClaymore the Ruffian (Troll Monk)                 Turns: 190, Time: 00:01:07

Health: 25/29      AC:  4    Str: 18    XL:     2   Next: 3%
Magic:  1/1        EV: 10    Int:  6    God:    Gozag
Gold:   8          SH:  0    Dex: 12    Spells: 1/1 levels left

rFire   . . .      SeeInvis .     - Unarmed
rCold   . . .      Faith    .   (no shield)
rNeg    . . .      Spirit   .   a - +0 robe
rPois   .          Reflect  .   (helmet restricted)
rElec   .          Harm     .   (no cloak)
rCorr   .          Rampage  .   (gloves unavailable)
Will    .....                   (boots unavailable)
Stlth   ++........              (no amulet)
HPRegen 1.09/turn               (no ring)
MPRegen 0.07/turn               (no ring)

@: gold aura
A: large, unfitting armour, claws 3, regeneration 1, shaggy fur 1, tough skin 1
a: Renounce Religion, Potion Petition, Call Merchant, Bribe Branch


You were on level 1 of the Dungeon.
You worshipped Gozag.
Gozag was noncommittal.
You visited 1 branch of the dungeon, and saw 1 of its levels.

You collected 8 gold pieces.

Inventory:

Armour
 a - a +0 robe (worn)
Potions
 b - a potion of brilliance {unknown}
 c - a potion of lignification {unknown}


   Skills:
 + Level 2.5 Fighting
 + Level 2.8 Dodging
 + Level 1.0 Stealth
 + Level 3.0 Unarmed Combat


You had one spell level left.
You didn't know any spells.
Your spell library was empty.

Dungeon Overview and Level Annotations

Branches:
Dungeon (1/15)

Altars:
Gozag


Innate Abilities, Weirdness & Mutations

You are too large for most types of armour.
You have claws for hands.
Your natural rate of healing is unusually fast.
You are covered in fur. (AC +1)
You have tough skin. (AC +1)


Message History

You feel sick.
You feel sick.
You feel sick.
You feel sick.
You are no longer poisoned.
HP restored.
You see here a +0 dagger of venom.
Found a faded altar of an unknown god.
A rat comes into view.
A kobold comes into view. It is wielding a +0 short sword.
The kobold shouts!
There is a faded altar of an unknown god here.
You cannot tell which god this altar belongs to.
Convert to them anyway?
Gozag accepts your prayer! Gozag welcomes you!
Gozag waives the service fee.
You barely miss the kobold. The kobold hits you but does no damage.
You closely miss the kobold. The kobold hits you but does no damage.
You closely miss the kobold.
The kobold hits you with a +0 short sword.
You barely miss the kobold. The kobold barely misses you.
You closely miss the kobold. The kobold hits you but does no damage.
You barely miss the kobold.
The kobold hits you with a +0 short sword.
You barely miss the kobold. The rat bites you but does no damage.
The kobold hits you but does no damage.
You barely miss the kobold. The rat barely misses you.
The kobold hits you with a +0 short sword.
You claw the kobold!
You kill the kobold!
The rat bites you but does no damage.
You have reached level 2!
You scratch the rat but do no damage. The rat bites you but does no damage.
You scratch the rat.
You kill the rat!
No target in view!
You don't know any spells.
Save game and exit?
Okay, then.
Are you sure you want to abandon this character and quit the game? (Confirm with "yes".)

#.).#
#.....###.###.###.#
#.#.####.....#
#.##......#
#.#..........#
#.##.#.##.#
...######.....#
#.##.#.##.# ...#
#.....# #.##...##.#
#.##
#########.........#
#. #..⌠.⌠#..###.#
#. #............#
#⌠.@$⌠.#.#####
#..$...#.#
....⌠.⌠..##.#
######.#.##.#
#......# ########


There were no monsters in sight!

Vanquished Creatures
  A bat (D:1)
  2 goblins (D:1)
  2 hobgoblins (D:1)
  A ball python (D:1)
  A kobold (D:1)
  A rat (D:1)
8 creatures vanquished.

Notes
Turn   | Place    | Note
-------+----------+-------------------------------------------
     0 | D:1      | VanClaymore the Troll Monk began the quest for the Orb.
     0 | D:1      | Reached XP level 1. HP: 22/22 MP: 0/0
   169 | D:1      | Found a faded altar of an unknown god.
   177 | D:1      | Became a worshipper of Gozag Ym Sagoz the Greedy
   187 | D:1      | Reached XP level 2. HP: 22/29 MP: 1/1
   190 | D:1      | Quit the game

Illustrated notes

Levels and vault maps discovered:
D:1:      dpeg_arrival_orchard, layout_loops_cross,
          hellmonk_ecumenical_altar_run_dry

Action                   || total
-------------------------++-------
Melee: Unarmed           ||    20
Armor: Robe              ||    11
Dodge: Dodged            ||     5

Table legend: (Time is in decaauts)
 A = Elapsed time spent in this place.
 B = Non-inter-level travel time spent in this place.
 C = Inter-level travel time spent in this place.
 D = Time resting spent in this place.
 E = Time spent auto-exploring this place.
 F = Levels seen in this place.
 G = Mean time per level.
                   A        B        C        D        E       F      G
               +--------+--------+--------+--------+--------+-----+--------+
         Total |    189 |    189 |      0 |      0 |    146 |   1 |  189.0 |
       Dungeon |    189 |    189 |      0 |      0 |    146 |   1 |  189.0 |
               +--------+--------+--------+--------+--------+-----+--------+

Top non-repeatable levels by time:
     D:1: 189 daAuts
